AoeStats
← 1679297837

Nomad

510068386Analyzed
2v2 RM · 3d ago on Sep 29, 2026· 61m 3s· 4 players
Game mode
Random Map
Map size
176×176
Population
200
Speed
Normal
Resources
Standard
Victory
Conquest
Starting age
Dark Age
Ending age
Imperial Age
RankedLock teamsTeams togetherTeam positionsShared explorationLock speedFull tech treeHidden civsTurbo modeCheats
Victory
Defeat
🇨🇳 Bengalis · China
632
+12
🇨🇳 Persians · China
631
+12
🇹🇷 Italians · Türkiye
611
-15
🇺🇸 Sicilians · United States
466
-9
John Cena
4:46 Loom
23:39 Feudal Age
35:58 Castle Age
52:07 Imperial Age
50:18 Town Watch
gokhandg100
16:51 Feudal Age
25:43 Castle Age
27:40 Elite Skirmisher
36:15 Imperial Age
38:49 Padded Archer Armor
38:40 Fletching
58:41 Bodkin Arrow
1679297837
15:16 Feudal Age
18:18 Loom
26:48 Fletching
30:27 Castle Age
28:17 Horse Collar
29:19 Double-Bit Axe
33:31 Heavy Plow
34:45 Husbandry
38:15 Bodkin Arrow
40:40 Wheelbarrow
41:24 Bow Saw
51:37 Imperial Age
52:09 Forging
52:04 Scale Barding Armor
53:37 Conscription
53:12 Gold Mining
55:27 Two-Man Saw
55:02 Crop Rotation
56:01 Chain Barding Armor
56:17 Iron Casting
58:26 Plate Barding Armor
57:23 Elite War Elephant
58:52 Hand Cart
60:06 Blast Furnace
2205989282
5:19 Loom
21:44 Feudal Age
22:09 Man-at-Arms
29:05 Castle Age
28:59 Double-Bit Axe
31:08 Wheelbarrow
31:49 Light Cavalry
32:39 Bloodlines
32:51 Forging
32:47 Scale Barding Armor
33:17 Bow Saw
32:51 Horse Collar
34:37 Iron Casting
36:13 Town Watch
37:52 Heavy Plow
41:17 Imperial Age
46:36 Two-Man Saw
46:10 Crop Rotation
45:35 Gold Mining
45:35 Stone Mining
50:20 Gold Shaft Mining
49:42 Elite Battle Elephant
52:02 Blast Furnace
51:52 Hand Cart
52:50 Chain Barding Armor
53:06 Husbandry
54:00 Paiks
56:38 Chemistry
56:01 Ballistics
57:57 Masonry
60:27 Plate Barding Armor
Connection lost

Rejoining the realm…

Still unreachable

The connection could not be restored.

Session expired

The server has moved on; the page needs a fresh start.